 Dungeon Sprint DCSS version 0.30-a0-305-g026cb31310 (webtiles) character file.

Game seed: 13193869899635675213

127865 rocky1 the Phalangite (level 16, -8/152 HPs)
             Began as a Demonspawn Gladiator on Oct 22, 2022.
             Was a High Priest of Cheibriados.
             Killed from afar by a purple draconian shifter (15 damage)
             ... with a bolt of dispelling energy
             ... in the Dungeon (Sprint VII: "The Pits").
             The game lasted 00:32:13 (5923 turns).

rocky1 the Phalangite (Demonspawn Gladiator)        Turns: 5923, Time: 00:32:15

Health: -8/152     AC: 52    Str: 39    XL:     16   Next: 17%
Magic:  3/29       EV: 24    Int: 26    God:    Cheibriados [*****.]
Gold:   172        SH: 24    Dex: 31    Spells: 25/34 levels left

rFire   + . .      SeeInvis +    G - +8 trident (vamp)
rCold   + + .      Faith    .    M - +0 tower shield {AC+3}
rNeg    . . .      Spirit   .    b - +2 gold dragon scales
rPois   +          Reflect  .    v - +2 helmet
rElec   .          Harm     .    A - +2 cloak
rCorr   .          Rampage  .    N - +2 pair of gloves
Will    ++...      NoTele   +    z - +2 pair of boots {Stlth+}
Stlth   ..........               E - amulet "Fosec" {RegenMP rC+ Str+6 Int-5}
HPRegen 2.45/turn                a - ring of see invisible
MPRegen 0.61/turn                o - ring of Emuxos {Will+ Str+3 Int+3}

@: untranslocatable, sanguine armoured, slowed, unable to read, very slow
A: powered by death 2, sanguine armour 2, condensation shield, weakness stinger
2, inability to read after injury 1
}: 1/3 runes: silver
a: Renounce Religion, Bend Time, Temporal Distortion, Slouch, Step From Time


You were in the Dungeon.
You worshipped Cheibriados.
Cheibriados was extremely pleased with you.
You visited 1 branch You collected 172 gold pieces.

Inventory:

Hand Weapons
 c - the +8 dire flail of the Snake Pit {antimagic, rPois rC+ rCorr Str-3}
   (You found it in the Dungeon)

   It reduces the magical energy of the wielder, and disrupts the spells and
   magical abilities of those it strikes.
   Natural abilities and divine invocations are not affected.
   Str:       It affects your strength (-3).
   rC:        It protects you from cold.
   rPois:     It protects you from poison.
   rCorr:     It protects you from acid and corrosion.
 q - a +1 demon trident of flaming
 r - a +5 trident of freezing
 G - a +8 vampiric trident (weapon)
 O - a +3 vampiric demon blade
Missiles
 d - 3 throwing nets (quivered)
 e - 12 javelins
 D - 14 poisoned darts
Armour
 b - +2 gold dragon scales (worn)
 p - a +0 buckler
 v - a +2 helmet (worn)
 w - the +8 chain mail of Depression {rElec rPois}
   (You found it in the Dungeon)

   rElec:     It insulates you from electricity.
   rPois:     It protects you from poison.
 y - the +1 tower shield "Fefont" {+Inv}
   (You took it off a daeva in the Dungeon)

   +Inv:      It lets you turn invisible.
 z - a +2 pair of boots of stealth (worn)
 A - a +2 cloak (worn)
 M - a +0 tower shield of protection (worn)
 N - a +2 pair of gloves (worn)
 Y - a +2 crystal plate armour
Jewellery
 a - a ring of see invisible (left hand)
 o - the ring of Emuxos (right hand) {Will+ Str+3 Int+3}
   (You found it in the Dungeon)

   [ring of willpower]

   Str:       It affects your strength (+3).
   Int:       It affects your intelligence (+3).
   Will:      It increases your willpower.
 E - the amulet "Fosec" (around neck) {RegenMP rC+ Str+6 Int-5}
   (You took it off Urug in the Dungeon)

   [amulet of magic regeneration]

   It increases your rate of magic regeneration.
   Str:       It affects your strength (+6).
   Int:       It affects your intelligence (-5).
   rC:        It protects you from cold.
 F - the ring "Qoneihisk" {Fly Slay+2 Stlth+}
   (You took it off a kobold in the Dungeon)

   [ring of flight]

   Slay:      It affects your accuracy & damage with ranged weapons and melee
   (+2).
   Fly:       It grants you flight.
   Stlth:     It makes you more stealthy.
 J - a +3 ring of slaying
 K - a +3 ring of slaying
 W - a ring of wizardry
Wands
 h - a wand of polymorph (1)
Scrolls
 k - 6 scrolls of blinking
 m - 8 scrolls of amnesia
 n - 3 scrolls of summoning
 B - 2 scrolls of butterflies
 P - 9 scrolls of enchant armour
 R - a scroll of fear
 S - 4 scrolls of enchant weapon
 U - 2 scrolls of identify
Potions
 f - 12 potions of curing
 g - 20 potions of heal wounds
 i - 2 potions of magic
 j - 4 potions of berserk rage
 l - 2 potions of invisibility
 t - 6 potions of mutation
 x - 2 potions of brilliance
 Q - a potion of might
Miscellaneous
 s - a lightning rod (4/4)
 u - a lightning rod (4/4)
 T - a phial of floods
 X - a condenser vane
 Z - a tin of tremorstones (2/2)


   Skills:
 - Level 21.1 Fighting
 - Level 21.8 Polearms
 - Level 1.7 Throwing
 - Level 19.5 Armour
 - Level 19.7 Dodging
 - Level 16.0 Shields
 + Level 9.6 Spellcasting
 + Level 10.4 Conjurations
 + Level 9.6 Fire Magic
 - Level 12.4 Invocations
 + Level 7.4 Evocations


You had 25 spell levels left.
You knew the following spells:

 Your Spells              Type           Power      Damage    Failure   Level
a - Fire Storm            Conj/Fire      29%        8d8       100%        9

Your spell library contained the following spells:

 Spells                   Type           Power      Damage    Failure   Level
 Magic Dart               Conj           100%       1d8       1%          1
 Searing Ray              Conj           100%       2d8       1%          2
 Shock                    Conj/Air       100%       1d9       12%         1
 Kindle Blastsparks       Fire/Tloc/Air  58%        2d14      61%         3
 Apportation              Tloc           24%        N/A       69%         1
 Fulminant Prism          Conj/Hex       19%        3d11      75%         4
 Tukima's Dance           Hex            12%        N/A       96%         3
 Lightning Bolt           Conj/Air       19%        1d34      97%         5
 Passage of Golubria      Tloc           12%        N/A       100%        4
 Alistair's Intoxication  Tmut/Pois      8%         N/A       100%        5
 Yara's Violent Unravell  Hex/Tmut       6%         3d5       100%        5
 Iron Shot                Conj/Erth      19%        9d4       100%        6
 Spellforged Servitor     Conj/Summ      19%        N/A       100%        7
 Chain Lightning          Conj/Air       19%        3d26      100%        9


Dungeon Overview and Level Annotations

Branches:
Dungeon (1/1)

Altars:
Ashenzari
Cheibriados
Dithmenos
Fedhas
Gozag
Hepliaklqana
Kikubaaqudgha
Makhleb
Nemelex Xobeh
Okawaru
Qazlal
Ru
Sif Muna
Trog
Uskayaw
Vehumet
Wu Jian
Xom
Yredelemnul
Jiyva
Lugonu


Innate Abilities, Weirdness & Mutations

You regenerate health from kills.
When seriously injured, your blood forms thick armour. (AC +9)
A meltable shield of frost defends you. (SH +0)
You have a tail ending in a sharp stinger.
You occasionally lose the ability to read scrolls when taking damage.


Message History

The vampire knight draws life force from you.
* * * LOW HITPOINT WARNING * * *
The vampire knight is healed by the life force!
The phantasmal warrior hits you but does no damage.
The vampire knight hits you but does no damage.
The vampire knight bites you but does no damage.
The red draconian hits you but does no damage.
The purple draconian shifter casts a spell at you.
The yaktaur blinks!
The vampire knight draws life force from you!!
* * * LOW HITPOINT WARNING * * *
The vampire knight is healed by the life force!
The yaktaur hits you but does no damage.
The phantasmal warrior hits you but does no damage.
The red draconian hits you but does no damage.
The purple draconian shifter mumbles some strange words.
The purple draconian shifter blinks!
The vampire knight hits you but does no damage.
The vampire knight bites you but does no damage.
You can move again.
Unknown command.
Activating: Slouch (1% risk of failure)
Press: ? - help, Dir - look around, f - activate You can feel time thicken for a moment.
You destroy the vampire mage!
Cheibriados appreciates the change of pace.
The phantasmal warrior disappears in a puff of smoke!
The mummy disappears in a puff of smoke!
You destroy the vampire knight!
Cheibriados appreciates the change of pace.
You kill the yaktaur!
Cheibriados appreciates the change of pace.
Cheibriados raises the support of your attributes as your movement slows.
Cheibriados lowers the support of your attributes as your movement quickens.
You block the yaktaur's attack.
The red draconian hits you but does no damage.
The purple draconian shifter breathes dispelling energy at you.
The bolt of dispelling energy hits you!
Your magical effects are unravelling.
You die...

....)÷#.........#..#
.....)..........#..#
......#.........#..#
#..####.##'###'##..#
####,,#.#.[#[[[[#).#
# *,,+.#[.#[[[[#).#
# ***###########''#
*************####c'#
,,,,**,,,*,*,#§[@§.#
,,,,*,,*,....))#)d##
,,,+*,***.....*##.:#
,,**,,,*,..§.,,*..##
****,,***..#,,**#.q*
,,,*,,,*,.***,,*..:#
,,,+,,,,,,,*,,,,..:#
,,,*,,,*,,***,,*,.:#
****,,***,,*,,***,,*


You could see a red draconian, a purple draconian shifter (catching breath) and
a yaktaur.

Vanquished Creatures
  A royal mummy (D)
  Margery (D)
  A golden dragon (D)
  2 liches (D)
  A deep elf blademaster (D)
  A quicksilver dragon (D)
  A deep elf master archer (D)
  A death cob (D)
  2 sphinxes (D)
  Ilsuiw (D)
  2 fire giants (D)
  A daeva (D)
  2 deep elf sorcerers (D)
  2 orc warlords (D)
  A draconian stormcaller (D)
  A draconian shifter (D)
  A vampire knight (D)
  An apis (D)
  A black draconian (D)
  4 deep elf annihilators (D)
  A deep elf demonologist (D)
  A minotaur (D)
  2 red draconians (D)
  2 yellow draconians (D)
  4 dire elephants (D)
  An eidolon (D)
  A mummy priest (D)
  A merfolk impaler (D)
  2 fire dragons (D)
  A merfolk javelineer (D)
  A deep elf high priest (D)
  2 yaktaur captains (D)
  A rakshasa (D)
  4 ice dragons (D)
  2 vault guards (D)
  2 alligator snapping turtles (D)
  8 catoblepae (D)
  2 ogre magi (D)
  3 death knights (D)
  A boulder beetle (D)
  13 hydras (D)
  A spriggan air mage (D)
  An alligator (D)
  A two-headed ogre (D)
  A naga warrior (D)
  4 hell hogs (D)
  A dancing weapon (D)
  Urug (D)
  7 vampire magi (D)
  A soul eater (D)
  2 fire crabs (D)
  A sun demon (D)
  3 hell knights (D)
  2 deep elf knights (D)
  A sixfirhy (D)
  An iron troll (D)
  A cherub (D)
  9 swamp dragons (D)
  A flayed ghost (D)
  2 wizards (D)
  A deep elf pyromancer (D)
  2 necromancers (D)
  12 orc knights (D)
  9 harpies (D)
  A wolf spider (D)
  An orc sorcerer (D)
  7 lindwurms (D)
  9 elephants (D)
  2 merfolk sirens (D)
  A naga mage (D)
  An eye of devastation (D)
  2 smoke demons (D)
  An orange demon (D)
  2 gargoyles (D)
  A molten gargoyle (D)
  An unseen horror (D)
  A freezing wraith (D)
  5 kobold demonologists (D)
  2 komodo dragons (D)
  2 rime drakes (D)
  4 efreet (D)
  3 yaktaurs (D)
  2 ice devils (D)
  2 hellwings (D)
  A red devil (D)
  A troll (D)
  A wandering mushroom (D)
  Grinder (D)
  A tarantella (D)
  2 hornets (D)
  A snapping turtle (D)
  A jumping spider (D)
  A spriggan (shapeshifter) (D)
  A wyvern (D)
  A wraith (D)
  2 spriggans (D)
  A shadow (D)
  A large abomination (D)
  4 basilisks (D)
  A chaos spawn (D)
  4 redbacks (D)
  3 steam dragons (D)
  A warg (D)
  7 acid dragons (D)
  A water moccasin (D)
  A floating eye (D)
  A swamp drake (D)
  A sky beast (D)
  3 wolves (D)
  2 ogres (D)
  4 kobold brigands (D)
  2 bullfrogs (D)
  9 killer bees (D)
  A hound (D)
  An orc priest (D)
  4 gnoll boudas (D)
  An iguana (D)
  An orc wizard (D)
  17 gnolls (D)
  A white imp (D)
  An ufetubus (D)
  An adder skeleton (D)
  An adder zombie (D)
  A worm (D)
  7 orcs (D)
  A bat skeleton (D)
  A bat zombie (D)
  An endoplasm (D)
  A giant cockroach (D)
  A goblin (D)
  2 hobgoblins (D)
  9 jackals (D)
  A ball python simulacrum (D)
  2 ball python skeletons (D)
  A ball python zombie (D)
  A bat simulacrum (D)
  A giant cockroach simulacrum (D)
  8 kobolds (D)
  A quokka simulacrum (D)
326 creatures vanquished.

Vanquished Creatures (others)
  A ghost moth (D)
  An adder (D)
  2 orcs (D)
4 creatures vanquished.

Grand Total: 330 creatures vanquished

Notes
Turn   | Place    | Note
-------+----------+-------------------------------------------
     0 | D        | rocky1 the Demonspawn Gladiator began the quest for the
                  | Orb.
     0 | D        | Reached XP level 1. HP: 16/16 MP: 1/1
    19 | D        | Found a bloodstained altar of Trog.
    19 | D        | Found a shimmering blue altar of Sif Muna.
    19 | D        | Found a viscous altar of Jiyva.
    19 | D        | Found a hazy altar of Hepliaklqana.
    19 | D        | Found an opulent altar of Gozag.
    20 | D        | Found a basalt altar of Yredelemnul.
    20 | D        | Found a shimmering altar of Xom.
    20 | D        | Found an ornate altar of the Wu Jian Council.
    20 | D        | Found a sacrificial altar of Ru.
    20 | D        | Found a stormy altar of Qazlal.
    20 | D        | Found an iron altar of Okawaru.
    20 | D        | Found a sparkling altar of Nemelex Xobeh.
    20 | D        | Found a burning altar of Makhleb.
    20 | D        | Found a blossoming altar of Fedhas.
    20 | D        | Found a shadowy altar of Dithmenos.
    20 | D        | Found a snail-covered altar of Cheibriados.
    23 | D        | Found a corrupted altar of Lugonu.
    23 | D        | Found a radiant altar of Vehumet.
    24 | D        | Found an ancient bone altar of Kikubaaqudgha.
    24 | D        | Found a hide-covered altar of Uskayaw.
    24 | D        | Found a broken altar of Ashenzari.
    31 | D        | Became a worshipper of Cheibriados the Contemplative
    79 | D        | Reached * piety under Cheibriados
    82 | D        | Reached ** piety under Cheibriados
    94 | D        | Reached *** piety under Cheibriados
    95 | D        | Gained mutation: You have a small tail. [demonic ancestry]
    95 | D        | Reached XP level 2. HP: 22/22 MP: 2/2
   112 | D        | Reached **** piety under Cheibriados
   114 | D        | Reached skill level 5 in Polearms
   117 | D        | Reached ***** piety under Cheibriados
   189 | D        | Gained mutation: When seriously injured, your blood forms
                  | armour. (AC +9) [demonic ancestry]
   189 | D        | Reached XP level 3. HP: 27/27 MP: 3/3
   191 | D        | Reached ****** piety under Cheibriados
   212 | D        | Reached XP level 4. HP: 24/33 MP: 3/6
   217 | D        | Reached skill level 5 in Invocations
   225 | D        | Reached XP level 5. HP: 21/38 MP: 4/9
   377 | D        | Reached XP level 6. HP: 27/44 MP: 12/12
   438 | D        | Noticed a smoke demon
   448 | D        | Killed a smoke demon
   449 | D        | Gained mutation: You regenerate a little health from kills.
                  | [demonic ancestry]
   449 | D        | Reached XP level 7. HP: 50/50 MP: 12/16
   701 | D        | Noticed a red devil
   707 | D        | Killed a red devil
   760 | D        | Noticed a hellwing
   761 | D        | Noticed a spriggan
   761 | D        | Noticed a komodo dragon
   763 | D        | Noticed a wraith
   764 | D        | Killed a spriggan
   765 | D        | Reached XP level 8. HP: 56/56 MP: 11/17
   766 | D        | Reached skill level 15 in Polearms
   766 | D        | Killed a hellwing
   767 | D        | Killed a komodo dragon
   768 | D        | Gained mutation: When seriously injured, your blood forms
                  | thick armour. (AC +9) [demonic ancestry]
   768 | D        | Reached XP level 9. HP: 61/61 MP: 6/18
  1030 | D        | Noticed a freezing wraith
  1041 | D        | Killed a freezing wraith
  1170 | D        | Noticed a yaktaur
  1170 | D        | Paralysed by a floating eye for 4 turns
  1175 | D        | Killed a yaktaur
  1270 | D        | Noticed a gargoyle
  1276 | D        | Killed a gargoyle
  1443 | D        | Noticed an efreet
  1443 | D        | Noticed a flayed ghost
  1445 | D        | Killed an efreet
  1446 | D        | Reached skill level 1 in Armour
  1446 | D        | Gained mutation: A meltable shield of frost defends you.
                  | (SH +0) [demonic ancestry]
  1446 | D        | Reached XP level 10. HP: 44/69 MP: 8/19
  1446 | D        | Killed a flayed ghost
  1754 | D        | Noticed a boulder beetle
  1759 | D        | Reached skill level 5 in Fighting
  1759 | D        | Reached skill level 5 in Dodging
  1905 | D        | Noticed a deep elf pyromancer
  1905 | D        | Noticed Grinder
  1906 | D        | Noticed an orc sorcerer
  1907 | D        | Noticed a soul eater
  1908 | D        | Reached skill level 5 in Armour
  1908 | D        | Killed an orc sorcerer
  1908 | D        | Killed Grinder
  1909 | D        | Killed a deep elf pyromancer
  2014 | D        | Killed a boulder beetle
  2015 | D        | Reached XP level 11. HP: 70/87 MP: 20/20
  2101 | D        | Got the ring of Emuxos {Will+ Str+3 Int+3}
  2231 | D        | Noticed a deep elf knight
  2233 | D        | Noticed a +1 battleaxe of flaming
  2234 | D        | Killed a deep elf knight
  2235 | D        | Killed a +1 battleaxe of flaming
  2235 | D        | Identified the +6 sling of Dasuonos {freeze, *Corrode Int+5
                  | Dex+4}
  2238 | D        | Reached skill level 10 in Fighting
  2244 | D        | Noticed a sixfirhy
  2245 | D        | Noticed a necromancer
  2246 | D        | Killed a necromancer
  2246 | D        | Noticed a seven-headed hydra
  2246 | D        | Identified the ring "Qoneihisk" {Fly Slay+2 Stlth+}
  2247 | D        | Killed a sixfirhy
  2248 | D        | Reached skill level 10 in Dodging
  2251 | D        | Killed a seven-headed hydra
  2252 | D        | Noticed a swamp dragon
  2252 | D        | Noticed an alligator
  2258 | D        | Killed an alligator
  2259 | D        | Reached skill level 10 in Armour
  2259 | D        | Noticed a fire crab
  2262 | D        | Noticed a wizard
  2265 | D        | Killed a swamp dragon
  2267 | D        | Killed a fire crab
  2269 | D        | Identified the amulet "Fosec" {RegenMP rC+ Str+6 Int-5}
  2269 | D        | Noticed Urug
  2275 | D        | Killed a wizard
  2281 | D        | Killed Urug
  2281 | D        | Noticed a sun demon
  2290 | D        | Killed a sun demon
  2297 | D        | Reached XP level 12. HP: 95/103 MP: 14/21
  2454 | D        | Noticed an ogre mage
  2457 | D        | Killed an ogre mage
  2458 | D        | Noticed a two-headed ogre
  2463 | D        | Killed a two-headed ogre
  2660 | D        | Reached skill level 1 in Shields
  2807 | D        | Noticed a merfolk javelineer
  2811 | D        | Noticed a merfolk impaler
  2818 | D        | Killed a merfolk javelineer
  2819 | D        | Noticed Ilsuiw
  2827 | D        | Killed a merfolk impaler
  2844 | D        | Reached skill level 5 in Shields
  2869 | D        | Killed Ilsuiw
  3051 | D        | Noticed a vampire mage
  3059 | D        | Killed a vampire mage
  3173 | D        | Noticed a vampire mage
  3194 | D        | Killed a vampire mage
  3287 | D        | Noticed an alligator snapping turtle
  3287 | D        | Noticed a six-headed hydra
  3287 | D        | Noticed a fire giant
  3290 | D        | Noticed an alligator snapping turtle
  3294 | D        | Identified the +7 hand axe of the Doomed Warrior {speed,
                  | Str+5}
  3294 | D        | Noticed a yellow draconian
  3295 | D        | Killed a fire giant
  3295 | D        | Noticed a catoblepas
  3296 | D        | Reached skill level 15 in Fighting
  3304 | D        | Killed an alligator snapping turtle
  3305 | D        | Gained mutation: You have a tail ending in a sharp stinger.
                  | [demonic ancestry]
  3305 | D        | Reached XP level 13. HP: 91/115 MP: 12/22
  3315 | D        | Killed a yellow draconian
  3438 | D        | Noticed an orc warlord
  3438 | D        | Noticed an orc warlord
  3457 | D        | Killed an orc warlord
  3467 | D        | Reached skill level 15 in Dodging
  3530 | D        | Killed an orc warlord
  3531 | D        | Reached skill level 15 in Armour
  3780 | D        | Reached skill level 10 in Shields
  3904 | D        | Noticed a deep elf blademaster
  3914 | D        | Killed a deep elf blademaster
  3940 | D        | Got the +8 chain mail of Depression {rElec rPois}
  4140 | D        | Reached XP level 14. HP: 34/128 MP: 4/23
  4375 | D        | Noticed a death cob
  4378 | D        | Killed a death cob
  4381 | D        | Killed a ghost moth
  4478 | D        | Noticed a fire giant
  4478 | D        | Noticed an apis
  4492 | D        | Killed a fire giant
  4494 | D        | Killed an apis
  4631 | D        | Noticed a sphinx
  4632 | D        | Noticed a deep elf master archer
  4637 | D        | Killed a sphinx
  4644 | D        | Killed a deep elf master archer
  4779 | D        | Noticed a royal mummy
  4793 | D        | Noticed an emperor scorpion
  4805 | D        | Noticed an emperor scorpion
  4805 | D        | Noticed an emperor scorpion
  4805 | D        | Killed a royal mummy
  5063 | D        | Noticed Margery
  5063 | D        | Identified the +1 tower shield "Fefont" {+Inv}
  5063 | D        | Noticed a daeva
  5063 | D        | Noticed a quicksilver dragon
  5066 | D        | Killed a quicksilver dragon
  5067 | D        | Reached XP level 15. HP: 141/141 MP: 10/24
  5079 | D        | Killed a daeva
  5080 | D        | HP: 7/141 [Margery/fireball (86)]
  5091 | D        | Killed Margery
  5105 | D        | Got the Spellbook of Battling
  5114 | D        | Got the +8 dire flail of the Snake Pit {antimagic, rPois
                  | rC+ rCorr Str-3}
  5335 | D        | Learned a level 9 spell: Fire Storm
  5344 | D        | Noticed a golden dragon
  5347 | D        | Reached skill level 1 in Spellcasting
  5347 | D        | Reached skill level 1 in Conjurations
  5347 | D        | Reached skill level 1 in Fire Magic
  5349 | D        | Reached skill level 15 in Shields
  5359 | D        | Reached skill level 5 in Conjurations
  5359 | D        | Killed a golden dragon
  5360 | D        | Reached skill level 5 in Spellcasting
  5360 | D        | Reached skill level 5 in Fire Magic
  5589 | D        | Got Sif Muna's Guide on Atmospheric Accompaniment
  5625 | D        | Got the +8 plate armour of the Slightly Bent {*Corrode
                  | Dex+6}
  5672 | D        | Got a silver rune of Zot
  5824 | D        | Noticed a lich
  5835 | D        | Reached skill level 1 in Evocations
  5846 | D        | Noticed a deep elf sorcerer
  5858 | D        | Killed a lich
  5874 | D        | Killed a deep elf sorcerer
  5877 | D        | Reached skill level 5 in Evocations
  5877 | D        | Gained mutation: You regenerate health from kills. [demonic
                  | ancestry]
  5877 | D        | Reached XP level 16. HP: 152/152 MP: 10/28
  5886 | D        | Noticed a lich
  5900 | D        | Noticed a sphinx
  5901 | D        | Killed a lich
  5906 | D        | Reached skill level 10 in Conjurations
  5907 | D        | Killed a sphinx
  5908 | D        | Gained mutation: You occasionally lose the ability to read
                  | scrolls when taking damage. [a neqoxec]
  5918 | D        | Paralysed by a vampire knight for 5 turns
  5922 | D        | HP: 3/152 [vampire knight/vampiric draining (18)]
  5923 | D        | Killed from afar by a purple draconian shifter

Illustrated notes

Levels and vault maps discovered:
D:        pitsprint [storerooms_1, entrance_room_1, metal_vault_3, armoury_2,
          mini_pit_1, grid_room_1, main_hall_1, silver_pit, the_coven_3,
          the_vestibule_1, steel_vault_2, golden_pit, hallway_of_sentries,
          crystal_vault_6, iron_vault_4, final_vault]

Skill      XL: |  1  2  3  4  5  6  7  8  9 10 11 12 13 14 15 16 |
---------------+-------------------------------------------------+-----
Polearms       | 4 7 8 9 11 14 16 18 19 20 21 | 21.8
Invocations    | 3 6 9 12 | 12.4
Armour         | 1 7 11 13 16 18 19 | 19.5
Dodging        | 3 8 11 14 16 18 19 | 19.7
Fighting       | 8 12 15 17 19 21 | 21.1
Shields        | 7 11 14 16 | 16.0
Spellcasting   | 8 9 |  9.6
Conjurations   | 9 10 | 10.4
Fire Magic     | 8 9 |  9.6
Evocations     | 5 7 |  7.4
Throwing       | |  1.7

Action                   |  1- 3 |  4- 6 |  7- 9 | 10-12 | 13-15 | 16-18 || total
-------------------------+-------+-------+-------+-------+-------+-------++-------
Melee: Trident           |    60 |    45 |     7 |   116 |   453 |    21 ||   702
       Tailslap          |     3 |     4 |     7 |    28 |    92 |     2 ||   136
       Punch             |       |     2 |     1 |       |       |       ||     3
       Halberd           |       |       |     5 |    37 |       |       ||    42
       Demon trident     |       |       |    31 |    76 |       |       ||   107
Invok: Slouch            |       |       |     8 |    22 |    44 |     8 ||    82
  Use: Potion            |     2 |     1 |     2 |     2 |     7 |     3 ||    17
       Scroll            |       |       |       |     7 |     3 |       ||    10
 Stab: Distracted        |       |       |       |     2 |     1 |       ||     3
       Petrified         |       |       |       |       |    21 |       ||    21
       Confused          |       |       |       |       |     2 |       ||     2
Armor: Leather armour    |    17 |     3 |       |       |       |       ||    20
       Chain mail        |       |    13 |    19 |    37 |   104 |       ||   173
       Plate armour      |       |       |       |    34 |    15 |       ||    49
       Gold dragon scale |       |       |       |       |     5 |    43 ||    48
Dodge: Dodged            |    35 |    17 |    21 |   135 |   282 |    15 ||   505
Block: Other             |       |       |       |     8 |       |       ||     8
       Buckler           |       |       |       |    50 |   192 |       ||   242
       Tower shield      |       |       |       |       |    14 |    38 ||    52

Table legend: (Time is in decaauts)
 A = Elapsed time spent in this place.
 B = Non-inter-level travel time spent in this place.
 C = Inter-level travel time spent in this place.
 D = Time resting spent in this place.
 E = Time spent auto-exploring this place.
 F = Levels seen in this place.
 G = Mean time per level.
                   A        B        C        D        E       F      G
               +--------+--------+--------+--------+--------+-----+--------+
         Total |   7330 |   6654 |    676 |   2902 |      0 |   1 | 7330.0 |
       Dungeon |   7330 |   6654 |    676 |   2902 |      0 |   1 | 7330.0 |
               +--------+--------+--------+--------+--------+-----+--------+

Top non-repeatable levels by time:
       D: 7330 daAuts
